 Dungeon Crawl Stone Soup version 0.32-a0-996-gb3226c233f (webtiles) character file.

Game seed: 10530795885462450713

7 Ijustatesigmund the Firebug (level 1, -1/15 HPs)
             Began as a Mountain Dwarf Fire Elementalist on Apr 23, 2024.
             Slain by a hobgoblin (2 damage)
             ... on level 1 of the Dungeon.
             The game lasted 00:00:29 (231 turns).

Ijustatesigmund the Firebug (MDFE)                   Turns: 231, Time: 00:00:29

Health: -1/15      AC:  2    Str: 10    XL:     1   Next: 91%
Magic:  1/3        EV: 10    Int: 15    God:
Gold:   0          SH:  0    Dex: 10    Spells: 2/3 levels left

rFire   . . .        d - +0 battleaxe
rCold   . . .        (shield currently unavailable)
rNeg    . . .        a - +0 robe
rPois   .            (no helmet)
rElec   .            (no cloak)
rCorr   .            (no gloves)
SInv    .            (no boots)
Will    .....        (no amulet)
Stlth   ++           (no ring)
HPRegen 0.22/turn    (no ring)
MPRegen 0.08/turn

%: no passive effects
@: no status effects
A: runic magic, artefact enchanting
a: no special abilities


You were on level 1 of the Dungeon.
You visited 1 branch of the dungeon, and saw 1 of its levels.

Inventory:

Hand Weapons
 d - a +0 battleaxe (weapon)
Armour
 a - a +0 robe (worn)
Scrolls
 e - a scroll of enchant armour {unknown}
Potions
 b - a potion of magic
 c - a potion of mutation {unknown}
 f - a potion of might {unknown}


   Skills:
 + Level 0.6 Fighting
 + Level 0.8 Axes
 - Level 1.3 Dodging
 - Level 1.4 Stealth
 + Level 1.9 Spellcasting
 - Level 0.8 Conjurations
 + Level 3.8 Fire Magic


You had 2 spell levels left.
You knew the following spells:

 Your Spells              Type           Power      Damage    Failure   Level
a - Foxfire               Conj/Fire      32%        2x1d5     9%          1

Your spell library contained the following spells:

 Spells                   Type           Power      Damage    Failure   Level
 Scorch                   Fire           24%        2d6       7%          2
 Inner Flame              Hex/Fire       7%         N/A       30%         3
 Volatile Blastmotes      Fire/Tloc      14%        2d11      30%         3
 Flame Wave               Conj/Fire      8%         2d5       65%         4


Dungeon Overview and Level Annotations

Branches:
Dungeon (1/15)

Altars:


Innate Abilities, Weirdness & Mutations

Your spellcasting is much less encumbered by armour.
You can use scrolls of enchantment on lesser artefacts.


Message History

There is an open door here.
A goblin and a rat come into view.
The rat squeaks loudly.
You hear a loud squeak.
You closely miss the rat. The rat misses you. The rat barely misses you.
You hit the rat but do no damage. The rat completely misses you.
The rat bites you.
You barely miss the rat. You hit the goblin.
You kill the goblin!
The rat bites you but does no damage.
You slash the rat!
You kill the rat!
A rat comes into view.
A goblin comes into view. It is wielding a +0 club.
A hobgoblin comes into view.
The goblin shouts!
The hobgoblin shouts!
You hit the rat.
You kill the rat!
A hobgoblin comes into view.
The goblin hits you with a +0 club.
You closely miss the goblin.
The hobgoblin shouts!
The goblin hits you with a +0 club.
A hobgoblin comes into view.
You closely miss the goblin. You barely miss the hobgoblin.
The goblin barely misses you. The hobgoblin hits you.
The goblin barely misses you. The hobgoblin hits you.
* * * LOW HITPOINT WARNING * * *
Casting: Foxfire (safe; 9% risk of failure)
Confirm with . or Enter, or press ? or * to list all spells.
You conjure some foxfire!
The foxfire hits the hobgoblin.
The hobgoblin is heavily wounded.
The goblin hits you but does no damage.
The foxfire hits the hobgoblin.
You kill the hobgoblin!
The goblin hits you with a +0 club.
* * * LOW HITPOINT WARNING * * *
Casting: Foxfire (safe; 9% risk of failure)
Confirm with . or Enter, or press ? or * to list all spells.
You conjure some foxfire!
The hobgoblin hits you.
You die...

########## #........#
### . #........# #.. '#
#..>.....# #.# ...
#........# #.# ....
#........###$# .....
##............####...#..
..#...#'#'###).v@g....#
#.#.###....##..v.g.g....
#.#.# #....##...........
#.#.# #....##...........
..#........##...####.#..
#######....####.# .# .
........#... ..# #
#########.### ### # #.#


You could see 2 hobgoblins and a goblin (ally target).

Vanquished Creatures
  2 bats (D:1)
  A goblin (D:1)
  A hobgoblin (D:1)
  A ball python (D:1)
  2 rats (D:1)
7 creatures vanquished.

Vanquished Creatures (others)
  8 foxfires (D:1)
8 creatures vanquished.

Grand Total: 15 creatures vanquished

Notes
Turn   | Place    | Note
-------+----------+-------------------------------------------
     0 | D:1      | Ijustatesigmund the Mountain Dwarf Fire Elementalist began
                  | the quest for the Orb.
     0 | D:1      | Reached XP level 1. HP: 14/14 MP: 3/3
   231 | D:1      | Slain by a hobgoblin

Illustrated notes

Levels and vault maps discovered:
D:1:      evilmike_arrival_hilbert_curve, layout_basic, minmay_fountain_box

Action                     || total
---------------------------++-------
  Melee: Battleaxe         ||    10
   Cast: Foxfire           ||     8
 Armour: Robe              ||    19
  Dodge: Dodged            ||    13

Table legend: (Time is in decaauts)
 A = Elapsed time spent in this place.
 B = Non-inter-level travel time spent in this place.
 C = Inter-level travel time spent in this place.
 D = Time resting spent in this place.
 E = Time spent auto-exploring this place.
 F = Levels seen in this place.
 G = Mean time per level.
                   A        B        C        D        E       F      G
               +--------+--------+--------+--------+--------+-----+--------+
         Total |    237 |    237 |      0 |      0 |    179 |   1 |  237.0 |
       Dungeon |    237 |    237 |      0 |      0 |    179 |   1 |  237.0 |
               +--------+--------+--------+--------+--------+-----+--------+

Top non-repeatable levels by time:
     D:1: 237 daAuts
